 Dungeon Crawl Stone Soup version 0.26.0-10-g1f06aea511 (webtiles) character file.

Game seed: 17055591532661058358

261 dohliylev the Skirmisher (level 6, -13/66 HPs)
             Began as a Gargoyle Fighter on Jan 17, 2021.
             Killed by divine providence
             ... invoked by an orc priest
              (16 damage)
             ... on level 3 of the Dungeon.
             The game lasted 00:07:47 (2604 turns).

dohliylev the Skirmisher (Gargoyle Fighter)         Turns: 2604, Time: 00:07:48

Health: -13/66     AC: 23    Str: 21    XL:     6   Next: 18%
Magic:  6/6        EV:  2    Int:  9    God:
Gold:   109        SH:  9    Dex:  9    Spells: 5/5 levels left

rFire    . . .     SeeInvis .   e - +5 morningstar (curse)
rCold    + . .     Faith    .   c - +0 kite shield
rNeg     + + +     Spirit   .   (armour currently unavailable)
rPois    ∞         Reflect  .   (helmet currently unavailable)
rElec    .         Harm     .   (cloak currently unavailable)
rCorr    .         Rampage  .   (gloves currently unavailable)
Will     .....     NoTele   +   (boots currently unavailable)
Stlth    +.........             (no amulet)
HPRegen  0.21/turn              f - ring of protection from cold
MPRegen  0.10/turn              (no ring)

@: tree-form, attractive, hasted, very quick
A: negative energy resistance 1, petrification resistance, miasma immunity, AC
+4
a: no special abilities


You were on level 3 of the Dungeon.
You were a tree.
You visited 1 branch of the dungeon, and saw 3 of its levels.

You collected 109 gold pieces.

Inventory:

Hand Weapons
 e - a cursed +5 morningstar (weapon)
Armour
 b - a +0 scale mail (melded)
 c - a +0 kite shield (worn)
 u - the +2 helmet "Kusim" (melded) {Stlth+}
   (You took it off Robin on level 2 of the Dungeon)

   It makes you more stealthy.
Jewellery
 f - a ring of protection from cold (left branch)
Wands
 h - a wand of digging (7)
Scrolls
 a - a scroll of fear {unknown}
 g - 2 scrolls of teleportation
 i - a scroll of amnesia {unknown}
 j - 5 scrolls of identify
 k - 3 scrolls of remove curse
 l - a scroll of enchant armour {unknown}
 m - a scroll of blinking {unknown}
 p - a scroll of enchant weapon {unknown}
 t - 2 scrolls of random uselessness {unknown}
Potions
 d - a potion of might


   Skills:
 + Level 7.4 Fighting
 - Level 2.0 Maces & Flails
 - Level 3.2 Armour
 - Level 3.2 Shields


You had 5 spell levels left.
You didn't know any spells.
Your spell library contained the following spells:

 Spells                   Type           Power        Failure   Level
 Beastly Appendage        Tmut           0%           88%         1
 Wereblood                Tmut           0%           95%         2
 Spider Form              Tmut/Pois      0%           99%         3
 Ice Form                 Ice/Tmut       0%           100%        4
 Blade Hands              Tmut           0%           100%        5


Dungeon Overview and Level Annotations

Branches:
Dungeon (3/15)

Altars:


Innate Abilities, Weirdness & Mutations

You are resistant to torment.
((Your stone body is resilient. (AC +4)))
You are immune to poison.
You resist negative energy. (rN+)
((You are resistant to electric shocks. (rElec)))
((You can survive without breathing.))
You are immune to petrification.
You are immune to miasma.


Message History

* * * LOW HITPOINT WARNING * * *
Found a scroll of teleportation.
It was a potion of lignification.
You turn into a tree.
The +2 helmet "Kusim" {Stlth+} melds into your body.
Your +0 scale mail melds into your body.
Your roots penetrate the ground.
The rat bites you but does no damage.
It was a potion of haste.
You feel yourself speed up. You block the rat's attack.
It was a potion of attraction.
You feel attractive to monsters. You block the rat's attack.
The orc priest is pulled toward you!
It was a potion of flight.
Your roots keep you in place.
You cannot teleport because you are held in place by your roots.
You closely miss the orc. The rat bites you but does no damage.
The orc hits you but does no damage. The rat bites you but does no damage.
The orc is pulled toward you!
You closely miss the rat.
The orc priest mumbles some strange prayers to Beogh against you.
Beogh smites you!
You die...

#... #?.. #..# ######
##########..# #.....
##...........# #.#### #...##...
..# #.# ###...##.# #.#
#######.### ###.....o..#####♣#
.)........## #......###....oro#8
............ #.#...##
#....o.o(..............# ......#
#........##########)#..# #o##..##
#.....#### ##.#..#
#.##...###......##### ##.(...#
#.####....#†........######...##.#
#.####.#.##.......)).....#..(....
.......#.##....#.##.####.#(......


You could see an orc priest, 3 orcs and a rat.

Vanquished Creatures
  3 wights
  Jessica (D:2)
  Robin (D:2)
  2 adders (D:3)
  2 worms (D:2)
  A dart slug (D:3)
  5 leopard geckos
  7 orcs (D:3)
  A giant cockroach (D:2)
  15 goblins
  9 hobgoblins
  8 kobolds
  A quokka (D:2)
  A ball python (D:1)
  3 bats
  3 frilled lizards
  5 rats
68 creatures vanquished.

Notes
Turn   | Place    | Note
-------+----------+-------------------------------------------
     0 | D:1      | dohliylev the Gargoyle Fighter began the quest for the Orb.
     0 | D:1      | Reached XP level 1. HP: 14/14 MP: 1/1
   227 | D:1      | Reached XP level 2. HP: 20/20 MP: 2/2
   312 | D:1      | Reached skill level 4 in Fighting
   747 | D:2      | Reached XP level 3. HP: 24/24 MP: 3/3
   750 | D:2      | Noticed Jessica
   755 | D:2      | Killed Jessica
   756 | D:2      | Reached skill level 5 in Fighting
   796 | D:2      | Reached XP level 4. HP: 31/31 MP: 4/4
   862 | D:2      | Identified the +2 helmet "Kusim" {Stlth+}
   862 | D:2      | Noticed Robin
  1132 | D:2      | Killed Robin
  1691 | D:3      | Reached skill level 6 in Fighting
  1691 | D:3      | Reached XP level 5. HP: 18/36 MP: 5/5
  2215 | D:3      | Reached skill level 7 in Fighting
  2320 | D:3      | Reached XP level 6. HP: 44/44 MP: 6/6
  2595 | D:3      | HP: 1/44 [orc priest/divine providence (10)]
  2604 | D:3      | Killed from afar by an orc priest

Illustrated notes

Levels and vault maps discovered:
D:1:      elethiomel_arrival_fortress_basement, layout_basic
D:2:      layout_basic, uniq_jessica, uniq_robin
D:3:      layout_loops_ring, grunt_temple_overflow_lords_of_destruction,
          lemuel_statue_altar

Skill      XL: |  1  2  3  4  5 |
---------------+----------------+-----
Fighting       | 4 5 6 7 |  7.4
Maces & Flails | |  2.0
Armour         | |  3.2
Shields        | |  3.2

Action                   |  1- 3 |  4- 6 || total
-------------------------+-------+-------++-------
Melee: Flail             |    67 |    82 ||   149
       Morningstar       |       |    48 ||    48
  Use: Scroll            |       |     2 ||     2
       Potion            |       |     4 ||     4
Armor: Scale mail        |    47 |    77 ||   124
       Skin              |       |     4 ||     4
Dodge: Dodged            |    27 |    43 ||    70
Block: Kite shield       |    37 |    98 ||   135
